 Dungeon Crawl Stone Soup version 0.19-a0-994-g3c636f0 (webtiles) character file.

486 4thArraOfDagon the Ruffian (level 6, 0/60 (61) HPs)
             Began as a Troll Abyssal Knight on July 16, 2016.
             Was a Believer of Lugonu.
             Slain by a centaur (8 damage)
             ... on level 6 of the Dungeon.
             The game lasted 00:04:32 (1089 turns).

4thArraOfDagon the Ruffian (Troll Abyssal Knight)   Turns: 1089, Time: 00:04:33

HP:   0/60 (61)     AC:  5    Str: 21    XL:     6   Next: 89%
MP:   7/7           EV: 10    Int: 10    God:    Lugonu [**....]
Gold: 127           SH:  0    Dex:  9    Spells: 0 memorised, 5 levels left

rFire  . . .     SeeInvis .       - Unarmed
rCold  . . .     Gourm    +     a - +0 robe
rNeg   . . .     Faith    .     (no shield)
rPois  .         Spirit   .     (helmet restricted)
rElec  .         Dismiss  .     (no cloak)
rCorr  .         Reflect  .     (gloves unavailable)
SustAt .         Harm     .     (boots unavailable)
MR     .....                    (no amulet)
Stlth  +.........               (no ring)
                                (no ring)

@: not resistant to hostile enchantments, very unstealthy
A: unfitting armour, claws 3, fast metabolism 3, gourmand, regeneration 2,
shaggy fur 1, tough skin 2
a: Depart the Abyss, Bend Space, Renounce Religion


You were on level 6 of the Dungeon.
You worshipped Lugonu.
Lugonu was pleased with you.
You were very full.

You visited 1 branch of the dungeon, and saw 6 of its levels.
You visited the Abyss 1 time.

You collected 127 gold pieces.

Inventory:

Missiles
 c - 4 large rocks (quivered)
 i - 4 curare-tipped needles
Armour
 a - a +0 robe (worn)
Magical Staves
 h - an uncursed staff of earth {unknown}
 n - an uncursed staff of poison {unknown}
Wands
 m - a wand of random effects (29/48)
Scrolls
 d - a scroll of identify {unknown}
 g - 2 scrolls of remove curse {unknown}
 j - a scroll of magic mapping {unknown}
 k - a scroll of fear {unknown}
Potions
 e - a potion of degeneration {unknown}
 l - a potion of agility {unknown}
 o - a potion of flight {unknown}
Comestibles
 b - 4 bread rations
 f - 2 meat rations


   Skills:
 + Level 3.5 Fighting
 + Level 3.2 Dodging
 * Level 5.0 Unarmed Combat
 + Level 3.2 Invocations


You had 5 spell levels left.
You didn't know any spells.

Dungeon Overview and Level Annotations

Branches:
Dungeon (6/15)
 Temple: D:4-7

Altars:
Qazlal
Trog

Shops:
D:5 (


Innate Abilities, Weirdness & Mutations

You are too large for most types of armour.
You have claws for hands.
Your metabolism is lightning-fast.
You like to eat raw meat.
You heal very quickly.
You are covered in fur. (AC +1)
You have very tough skin. (AC +2)


Message History

The orc wizard gestures at you while chanting.
The magic dart hits you!
You claw the orc wizard!
You kill the orc wizard!
Lugonu accepts your kill.
Your Unarmed Combat skill increases to level 5!
You claw the orc!
You kill the orc!
Lugonu accepts your kill.
The centaur shoots an arrow.
The arrow closely misses you.
You hear a shout!
The centaur shoots an arrow.
The arrow hits you!
The centaur shoots an arrow.
The arrow hits you!
* * * LOW HITPOINT WARNING * * *
Items here: ( ))) [[ Unknown command.
Unknown command.
The centaur unwields an uncursed shortbow.
The centaur hits you!
You die...

#.................
#.###............. ....
#.#......../%. ###.#
#.#....#'#### #.#
#......#.# #
#.#..(###..#.#######...[
#.#####...o..(.((..c....
#.####.#######.###
#(.(@c.# ########


You could see a centaur.

Vanquished Creatures
  A necrophage (D:5)
  Blork the orc (D:5)
  A wasp zombie (D:6)
  A hound (D:4)
  An orc priest (D:4)
  4 orc wizards
  An iguana (D:5)
  2 worker ants
  An adder (D:3)
  An ooze (D:4)
  5 giant geckos
  7 orcs
  A goblin (D:3)
  A hobgoblin (D:3)
  7 jackals (D:4)
  A quokka (D:5)
  2 ball pythons
  4 giant newts
42 creatures vanquished.

Notes
Turn   | Place    | Note
-------+----------+-------------------------------------------
     0 | Abyss:1  | 4thArraOfDagon the Troll Abyssal Knight began the quest for the Orb.
     0 | Abyss:1  | Reached XP level 1. HP: 22/22 MP: 1/1
    22 | Abyss:1  | Found a corrupted altar of Lugonu.
    50 | Abyss:1  | Noticed a large abomination
    56 | Abyss:1  | Noticed a raiju
    77 | Abyss:1  | Noticed a blink frog
    91 | D:1      | Escaped the Abyss
   276 | D:3      | Reached XP level 2. HP: 28/29 MP: 2/2
   290 | D:3      | Reached * piety under Lugonu
   338 | D:4      | Reached XP level 3. HP: 8/36 MP: 3/3
   428 | D:4      | Reached skill level 3 in Unarmed Combat
   435 | D:4      | Reached XP level 4. HP: 45/45 MP: 4/4
   465 | D:4      | Found a bloodstained altar of Trog.
   567 | D:4      | Found a stormy altar of Qazlal.
   595 | D:4      | Reached XP level 5. HP: 53/53 MP: 5/5
   627 | D:5      | Entered Level 5 of the Dungeon
   792 | D:5      | Reached ** piety under Lugonu
   898 | D:5      | Noticed a necrophage
   904 | D:5      | Killed a necrophage
   904 | D:5      | Reached skill level 4 in Unarmed Combat
   904 | D:5      | Reached XP level 6. HP: 48/60 MP: 5/7
   913 | D:5      | Found Zyoq's Weapon Boutique.
   914 | D:5      | Noticed Blork the orc
   930 | D:5      | Killed Blork the orc
  1086 | D:6      | Reached skill level 5 in Unarmed Combat
  1089 | D:6      | Slain by a centaur

Vault maps used:
D:1:      mrwooster_arrival_statue_2
D:2:      kennysheep_slug_shrine, minivault_27,
          gammafunk_pakellas_spire_experiment
D:3:      old_standard_altar, first_bread
D:4:      kennysheep_vampire_church, lemuel_doored_altar, kennysheep_little_box,
          uniq_duvessa
D:5:      marbit_many_paths, minitemple, serial_shops, shop, minmay_lizard_king,
          uniq_blork_the_orc, uniq_prince_ribbit1
D:6:      vehumet_statue

Skill      XL: |  1  2  3  4  5  6 |
---------------+-------------------+-----
Dodging        | 2 3 |  3.2
Unarmed Combat | 3 4 5 |  5.0
Invocations    | 2 3 |  3.2
Fighting       | 3 |  3.5

Action                   |  1- 3 |  4- 6 || total
-------------------------+-------+-------++-------
Melee: Unarmed           |    37 |   119 ||   156
       Punch             |       |     2 ||     2
Throw: Large rock        |     4 |     1 ||     5
Invok: Depart the Abyss  |     1 |       ||     1
  Use: Scroll            |     1 |       ||     1
  Eat: Chunk             |     5 |     9 ||    14
Armor: Robe              |    13 |    36 ||    49
Dodge: Dodged            |    12 |    63 ||    75
